[Event "Titled Tuesday Blitz July 4 Early 2023"]
[White "Kohler, Aran"]
[Black "Novik, Maxim"]
[WhiteFideId "1002856"]
[BlackFideId "4102924"]
[WhiteElo "2257"]
[BlackElo "2501"]
[Result "1-0"]
[Round "2"]
[TimeControl "180+2"]
[Date "2023.07.04"]
[WhiteClock "0:01:26"]
[BlackClock "0:01:42"]
[Board "197"]

1. d4 Nf6 2. c3 g6 3. Bg5 Bg7 4. Nd2 d6 5. Ngf3 h6 6. Bh4 g5 7. Bg3 Nh5 8. e3 e6 9. Be2 Nd7 10. Qb3 Qe7 11. O-O-O a6 12. Ne1 Nxg3 13. hxg3 c5 14. dxc5 Nxc5 15. Qc2 Bd7 16. Ne4 Nxe4 17. Qxe4 Bc6 18. Qd3 Bxg2 19. Nxg2 d5 20. e4 O-O-O 21. exd5 Rxd5 22. Qe3 Re5 23. Qd2 Rc5 24. Kb1 Qc7 25. Ne3 Kb8 26. Qd6 Qxd6 27. Rxd6 Re5 28. Bh5 Rf8 29. Rd7 f5 30. Rxg7 1-0


[Site "https://www.chess.com"]

[Event "Titled Tuesday Blitz July 4 Early 2023"]
[White "Keleberda, Tymur"]
[Black "Tuleyeva-Aketayeva, Dana"]
[WhiteFideId "14174294"]
[BlackFideId "13701932"]
[WhiteElo "2500"]
[BlackElo "2252"]
[Result "1-0"]
[Round "2"]
[TimeControl "180+2"]
[Date "2023.07.04"]
[WhiteClock "0:00:52"]
[BlackClock "0:00:08"]
[Board "198"]

1. e4 c5 2. Nf3 Nc6 3. Bb5 g6 4. Bxc6 bxc6 5. d4 cxd4 6. Qxd4 f6 7. e5 Qb6 8. Be3 Qxd4 9. Bxd4 fxe5 10. Bxe5 Nf6 11. O-O Bg7 12. Re1 O-O 13. Bd4 Re8 14. c4 d6 15. Nbd2 e5 16. Bc3 Be6 17. b3 a5 18. Rad1 a4 19. Ng5 axb3 20. axb3 Bf5 21. f3 Bc2 22. Rc1 Ra2 23. Ra1 Rea8 24. Rxa2 Rxa2 25. h4 h6 26. Ne6 Nd7 27. Nxg7 Kxg7 28. f4 Kf6 29. c5 Nxc5 30. fxe5+ Kf7 31. exd6 Bxb3 32. Re7+ Kf8 33. Bg7+ Kg8 34. Nxb3 Nxb3 35. d7 Rd2 36. Bxh6 Rd1+ 37. Kh2 c5 38. Bg5 c4 39. Re8+ Kf7 40. d8=Q Rxd8 41. Rxd8 c3 42. Rc8 Nd4 43. Rxc3 Ne6 44. Rf3+ Kg7 45. Re3 Nf8 46. Re7+ Kg8 47. Bh6 g5 48. Bxf8 Kxf8 49. Ra7 gxh4 50. Kh3 Kg8 51. Kxh4 Kh8 52. g4 Kg8 53. Kg5 Kf8 54. Kf6 Ke8 55. g5 Kf8 56. g6 Ke8 57. g7 1-0


[Site "https://www.chess.com"]

[Event "Titled Tuesday Blitz July 4 Early 2023"]
[White "Putri, Regita Desyari"]
[Black "Devaev, Alexander"]
[WhiteFideId "7109083"]
[BlackFideId "4169395"]
[WhiteElo "2245"]
[BlackElo "2500"]
[Result "1/2-1/2"]
[Round "2"]
[TimeControl "180+2"]
[Date "2023.07.04"]
[WhiteClock "0:00:10"]
[BlackClock "0:00:14"]
[Board "199"]

1. d4 Nf6 2. c4 e6 3. Nf3 c5 4. d5 d6 5. Nc3 e5 6. e4 Be7 7. Be2 Nbd7 8. O-O Nf8 9. a3 Ng6 10. h3 O-O 11. b4 b6 12. Be3 Nf4 13. Bxf4 exf4 14. Rb1 Nd7 15. Qd2 Bf6 16. Nb5 Ne5 17. Qxf4 a6 18. Nc3 cxb4 19. axb4 Nxc4 20. Bxc4 Bxc3 21. Qe3 Bf6 22. Nd4 Bxd4 23. Qxd4 Bd7 24. f4 Qh4 25. Qxb6 Bxh3 26. Qf2 Qxf2+ 27. Rxf2 Bd7 28. Ra2 Rfb8 29. Rxa6 Kf8 30. Kf2 Ke7 31. Ke3 Rc8 32. Kd4 Rab8 33. b5 Rc5 34. b6 Rbc8 35. Rb4 Rb8 36. Ra7 Kd8 37. e5 Rcc8 38. exd6 Ke8 39. b7 Rd8 40. Ba6 h5 41. Rb2 f6 42. Re2+ Kf8 43. Re7 g5 44. Rh7 Kg8 45. Bd3 h4 46. Re7 Kf8 47. Bg6 g4 48. Rf7+ Kg8 49. Rh7 h3 50. gxh3 gxh3 51. f5 Be8 52. Rxh3 Bxg6 53. fxg6 Rxd6 54. Rb3 Rdd8 55. Kc5 Kg7 56. d6 Kxg6 57. Kc6 Kf7 58. Kc7 Ke6 59. Re3+ Kd5 60. d7 Kc5 61. Ra8 Rxa8 62. bxa8=Q Rxa8 63. Re8 Ra7+ 64. Kc8 f5 65. d8=Q Ra8+ 66. Kd7 Rxd8+ 67. Rxd8 Kd4 68. Ke6+ Ke4 69. Ra8 f4 70. Ra4+ Ke3 71. Kf5 f3 72. Kg4 f2 73. Ra3+ Ke2 74. Ra2+ Ke1 75. Ra1+ Ke2 76. Ra2+ Ke1 77. Ra1+ Ke2 78. Ra2+ 1/2-1/2


[Site "https://www.chess.com"]

[Event "Titled Tuesday Blitz July 4 Early 2023"]
[White "Peiris, T G M"]
[Black "Deng, Henry"]
[WhiteFideId "9901310"]
[BlackFideId "30965454"]
[WhiteElo "2242"]
[BlackElo "2497"]
[Result "0-1"]
[Round "2"]
[TimeControl "180+2"]
[Date "2023.07.04"]
[WhiteClock "0:00:03"]
[BlackClock "0:00:10"]
[Board "200"]

1. e4 c5 2. c3 Nf6 3. e5 Nd5 4. d4 cxd4 5. Nf3 d6 6. cxd4 e6 7. Bc4 Be7 8. O-O O-O 9. Qe2 b6 10. Nc3 Nxc3 11. bxc3 Bb7 12. Bd3 Nd7 13. Re1 dxe5 14. Nxe5 Nxe5 15. Qxe5 Rc8 16. Bd2 Qd5 17. Qg3 Bf6 18. h4 Kh8 19. Be4 Qd7 20. Bd3 Bd5 21. a4 Bc4 22. Be4 e5 23. dxe5 Bxe5 24. Qxe5 Qxd2 25. Rad1 Qh6 26. h5 Be6 27. Bf3 Qf6 28. Qxf6 gxf6 29. Re3 h6 30. Be4 Rc5 31. Bf3 Rfc8 32. Rdd3 Rc4 33. Bd1 Bf5 34. Rd6 Be6 35. Rdd3 R4c5 36. Rf3 Kg7 37. Rg3+ Kf8 38. Rdf3 Ke7 39. Be2 Ra5 40. Bd1 Rg5 41. Re3 Rxg3 42. fxg3 Rc4 43. Kf2 Rc5 44. Kf3 Kd6 45. g4 Rc4 46. Kg3 Rc5 47. Rd3+ Kc7 48. Rf3 f5 49. gxf5 Bxf5 50. Kh4 Kd8 51. g4 Be6 52. Rf6 Rxc3 53. Rxh6 Rc1 54. Bf3 Rf1 55. Kg3 Rg1+ 56. Kf2 Ra1 57. Rh8+ Ke7 58. Rg8 f5 59. h6 Bxg8 60. g5 Ra2+ 61. Kg1 Bh7 62. Bh5 Rxa4 63. g6 Bxg6 64. Bxg6 Rg4+ 65. Kf2 Rxg6 66. h7 Rh6 0-1


[Site "https://www.chess.com"]

[Event "Titled Tuesday Blitz July 4 Early 2023"]
[White "Shubenkova, Veronika"]
[Black "Warchol, Kamil"]
[WhiteFideId "44124040"]
[BlackFideId "21858241"]
[WhiteElo "2492"]
[BlackElo "2233"]
[Result "1-0"]
[Round "2"]
[TimeControl "180+2"]
[Date "2023.07.04"]
[WhiteClock "0:00:40"]
[BlackClock "0:00:01"]
[Board "202"]

1. e4 c5 2. Nc3 a6 3. g3 b5 4. Bg2 Bb7 5. d3 e6 6. f4 d5 7. e5 Ne7 8. Nf3 Nf5 9. g4 Nh4 10. O-O Nxg2 11. Kxg2 Nc6 12. Bd2 h5 13. h3 Nd4 14. Rh1 Nxf3 15. Qxf3 Qd7 16. Kg3 b4 17. Ne2 d4 18. Qf2 Bxh1 19. Rxh1 Bd6 20. exd6 Qxd6 21. Re1 hxg4 22. hxg4 Qe7 23. Qg2 Qh4+ 24. Kf3 Qh3+ 25. Ng3 Qxg2+ 26. Kxg2 Rh4 27. g5 O-O-O 28. Rh1 Rxh1 29. Kxh1 Kc7 30. Ne4 Kc6 31. Kg2 Rh8 32. Nf2 Rh4 33. Kg3 Rh8 34. Ng4 Kd5 35. c4+ bxc3 36. bxc3 Rb8 37. c4+ Kd6 38. f5 Rb2 39. Bf4+ Ke7 40. f6+ gxf6 41. gxf6+ Kd7 42. Ne5+ Ke8 43. Ng4 Rxa2 44. Bd6 Ra3 45. Ne5 Ra5 46. Kf4 Ra1 47. Bxc5 Rf1+ 48. Nf3 a5 49. Bxd4 a4 50. Ke3 a3 51. Nd2 Re1+ 52. Kf2 Rd1 53. Ke2 Rh1 54. Bc3 Kd7 55. d4 Kc6 56. Nb3 Rh3 57. Kd2 Rh2+ 58. Kc1 Rh3 59. Kc2 Rf3 60. Nd2 Rh3 61. Ne4 a2 62. Kb2 Re3 63. Ng5 Rxc3 64. Nxf7 Rxc4 65. Ne5+ Kd5 66. Nxc4 Kxc4 67. f7 Kxd4 68. f8=Q 1-0


[Site "https://www.chess.com"]

[Event "Titled Tuesday Blitz July 4 Early 2023"]
[White "Fantastic_Power"]
[Black "Sariego Figueredo, Wilfredo"]
[BlackFideId "3500080"]
[WhiteElo "2490"]
[BlackElo "2215"]
[Result "1-0"]
[Round "2"]
[TimeControl "180+2"]
[Date "2023.07.04"]
[WhiteClock "0:00:41"]
[BlackClock "0:00:31"]
[Board "203"]

1. d4 d5 2. c4 c6 3. Nf3 Nf6 4. Nbd2 Bf5 5. Qb3 Qb6 6. c5 Qc7 7. Nh4 Bg6 8. Ndf3 Nbd7 9. g3 e6 10. Bf4 Qc8 11. Bg2 Be4 12. O-O h6 13. Ne5 g5 14. Nxd7 Qxd7 15. Be5 Bxg2 16. Nxg2 Bg7 17. Qf3 Qe7 18. b4 Rg8 19. b5 cxb5 20. Rfb1 Qd7 21. Bxf6 Bxf6 22. Qxf6 h5 23. Ne3 a5 24. Qe5 h4 25. Nf5 Kf8 26. Qd6+ Qxd6 27. Nxd6 1-0


[Site "https://www.chess.com"]

[Event "Titled Tuesday Blitz July 4 Early 2023"]
[White "Postlmayer, Jakob"]
[Black "Cueto, Jonny"]
[WhiteFideId "1643622"]
[BlackFideId "3300145"]
[WhiteElo "2487"]
[BlackElo "2206"]
[Result "1-0"]
[Round "2"]
[TimeControl "180+2"]
[Date "2023.07.04"]
[WhiteClock "0:00:02"]
[BlackClock "0:00:00"]
[Board "204"]

1. e4 e6 2. d4 d5 3. Nc3 Nf6 4. e5 Nfd7 5. f4 c5 6. Nf3 Nc6 7. Be3 Be7 8. Qd2 O-O 9. dxc5 Nxc5 10. O-O-O a6 11. Kb1 b5 12. h4 b4 13. Ne2 Ne4 14. Qe1 a5 15. Ned4 Bd7 16. Nxc6 Bxc6 17. Nd4 Qd7 18. Bd3 a4 19. Bxe4 dxe4 20. Nf5 Qb7 21. Nxe7+ Qxe7 22. h5 b3 23. Qf2 bxa2+ 24. Ka1 a3 25. b3 Rfc8 26. h6 g6 27. Bc5 Qc7 28. Qh4 f5 29. Qf6 Qf7 30. Qg5 Bd5 31. b4 Qb7 32. Qf6 Rc7 33. c4 Rf7 34. Qg5 Rc8 35. cxd5 Rfc7 36. Rd2 Qb5 37. dxe6 Qc4 38. Rd8+ 1-0


[Site "https://www.chess.com"]

[Event "Titled Tuesday Blitz July 4 Early 2023"]
[White "Ivanova, Karina"]
[Black "Herzog2012"]
[WhiteFideId "24139750"]
[WhiteElo "2205"]
[BlackElo "2485"]
[Result "0-1"]
[Round "2"]
[TimeControl "180+2"]
[Date "2023.07.04"]
[WhiteClock "0:02:13"]
[BlackClock "0:02:19"]
[Board "205"]

1. Nf3 Nf6 2. g3 b5 3. Bg2 Bb7 4. d4 e6 5. a4 a6 6. O-O c5 7. Bg5 h6 8. Bf4 Be7 9. dxc5 Bxc5 10. Bd6 Qb6 11. a5 Qxd6 12. Qxd6 Bxd6 13. Nc3 Bb4 0-1


[Site "https://www.chess.com"]

[Event "Titled Tuesday Blitz July 4 Early 2023"]
[White "Gheorghiu, Calin"]
[Black "Fudalej, Michal"]
[WhiteFideId "1200305"]
[BlackFideId "1118781"]
[WhiteElo "2484"]
[BlackElo "2204"]
[Result "1-0"]
[Round "2"]
[TimeControl "180+2"]
[Date "2023.07.04"]
[WhiteClock "0:00:32"]
[BlackClock "0:00:00"]
[Board "206"]

1. e4 c6 2. Nf3 d5 3. Nc3 Bg4 4. h3 Bxf3 5. Qxf3 Nf6 6. e5 Nfd7 7. d4 e6 8. Bf4 c5 9. dxc5 Nc6 10. Qg3 Qa5 11. O-O-O Nxc5 12. Kb1 a6 13. h4 b5 14. h5 b4 15. Ne2 Ne4 16. Qf3 Bc5 17. Be3 Nxe5 18. Qf4 Bxe3 19. Qxe5 Bh6 20. Qd4 O-O 21. f3 Nd6 22. g4 Rfc8 23. g5 Bxg5 24. Rg1 h6 25. f4 Nf5 26. Qe5 Bf6 27. Qxf6 Qc5 28. Nd4 Kh8 29. Qxf7 Qxd4 30. Rxd4 1-0


[Site "https://www.chess.com"]

[Event "Titled Tuesday Blitz July 4 Early 2023"]
[White "Mishra, Manoj"]
[Black "Reprintsev, Alexander"]
[WhiteFideId "5006007"]
[BlackFideId "14100541"]
[WhiteElo "2204"]
[BlackElo "2481"]
[Result "0-1"]
[Round "2"]
[TimeControl "180+2"]
[Date "2023.07.04"]
[WhiteClock "0:00:00"]
[BlackClock "0:00:05"]
[Board "207"]

1. e4 d5 2. exd5 Qxd5 3. Nc3 Qd6 4. d4 c6 5. g3 Bf5 6. Bg2 e6 7. Bf4 Qd8 8. Nf3 Nf6 9. O-O Nbd7 10. Re1 Be7 11. Nh4 Bg4 12. f3 Bh5 13. Nf5 exf5 14. Bd6 Ng8 15. Qe2 Nf8 16. Bxe7 Nxe7 17. d5 cxd5 18. Nxd5 Ne6 19. Nxe7 Qxe7 20. g4 Bg6 21. gxf5 Bxf5 22. Qb5+ Qd7 23. Qxf5 O-O 24. Rad1 Qc7 25. Bh3 Rad8 26. Bf1 Nd4 27. Qe4 f5 28. Qd3 Qxc2 29. Qxc2 Nxc2 30. Rxd8 Rxd8 31. Re7 Rd1 32. Kf2 Rd2+ 33. Kg1 Nd4 34. Bc4+ Kf8 35. Rf7+ Ke8 36. Rxb7 Nxf3+ 37. Kf1 Nxh2+ 38. Ke1 Nf3+ 39. Kf1 g5 40. Bb5+ Kd8 41. Rxh7 Rxb2 42. a4 a5 43. Rh8+ Ke7 44. Ra8 g4 45. Bc6 Nd4 46. Ra7+ Kd6 47. Rd7+ Kxc6 48. Rxd4 Rb4 49. Rd2 Rxa4 50. Kg2 Rb4 51. Kg3 a4 52. Rd8 a3 53. Ra8 Rb3+ 54. Kf4 Rf3+ 55. Kg5 Kd5 56. Ra5+ Ke4 57. Kh4 Rd3 58. Ra4+ Ke3 59. Kg5 Kf2 60. Kxf5 g3 0-1


[Site "https://www.chess.com"]

[Event "Titled Tuesday Blitz July 4 Early 2023"]
[White "Yeritsyan, Hayk"]
[Black "VoicelessFeather"]
[WhiteFideId "13307320"]
[WhiteElo "2480"]
[BlackElo "2200"]
[Result "0-1"]
[Round "2"]
[TimeControl "180+2"]
[Date "2023.07.04"]
[WhiteClock "0:00:29"]
[BlackClock "0:00:09"]
[Board "208"]

1. d4 d5 2. Nf3 Nf6 3. e3 c6 4. c4 Bf5 5. Nc3 e6 6. Qb3 Qb6 7. c5 Qc7 8. Bd2 Nbd7 9. Be2 b6 10. cxb6 axb6 11. O-O Be7 12. Rac1 O-O 13. Nh4 Be4 14. Nxe4 Nxe4 15. Nf3 c5 16. Rfd1 Rfc8 17. a3 Bd6 18. h3 Qd8 19. Be1 Qf6 20. Bb5 Nf8 21. Bc3 c4 22. Qc2 Ng6 23. Be1 h6 24. Qb1 Qf5 25. Bc3 Nh4 26. Nxh4 Qxf2+ 27. Kh1 Ng3+ 28. Kh2 Ne2+ 29. Kh1 Qxh4 30. Rc2 Qg3 0-1


[Site "https://www.chess.com"]

[Event "Titled Tuesday Blitz July 4 Early 2023"]
[White "Rizzo, Tobias"]
[Black "Nakhbayeva, Guliskhan"]
[WhiteFideId "30942691"]
[BlackFideId "13704788"]
[WhiteElo "2475"]
[BlackElo "2199"]
[Result "1-0"]
[Round "2"]
[TimeControl "180+2"]
[Date "2023.07.04"]
[WhiteClock "0:00:38"]
[BlackClock "0:00:00"]
[Board "209"]

1. d4 e6 2. Bf4 d5 3. e3 Bd6 4. Bg3 Nf6 5. Nf3 O-O 6. Bd3 c5 7. c3 Qc7 8. Ne5 Nbd7 9. f4 b6 10. Nd2 Bb7 11. O-O Bc8 12. Bh4 Bb7 13. g4 Ne4 14. Qc2 f6 15. Nxd7 Qxd7 16. Nxe4 dxe4 17. Bxe4 cxd4 18. exd4 f5 19. gxf5 exf5 20. Bxb7 Qxb7 21. Rae1 Qd5 22. Qb3 Qxb3 23. axb3 h6 24. Re6 Bc7 25. Bg3 Kh7 26. Re7 Bd6 27. Rd7 Rad8 28. Rxa7 Kh8 29. Re1 g5 30. fxg5 f4 31. Bh4 hxg5 32. Bxg5 Rg8 33. h4 Rg6 34. Kf2 Rf8 35. Kf3 Rf5 36. Kg4 1-0


[Site "https://www.chess.com"]

[Event "Titled Tuesday Blitz July 4 Early 2023"]
[White "IrI_Cheetah"]
[Black "Thiel, Thomas"]
[BlackFideId "4615964"]
[WhiteElo "2474"]
[BlackElo "2198"]
[Result "1-0"]
[Round "2"]
[TimeControl "180+2"]
[Date "2023.07.04"]
[WhiteClock "0:02:13"]
[BlackClock "0:01:51"]
[Board "210"]

1. e4 d5 2. exd5 Nf6 3. Bb5+ Nbd7 4. Nc3 a6 5. Bc4 b5 6. Bb3 Nc5 7. Nf3 Nxb3 8. axb3 Bb7 9. Qe2 Qd7 10. Ne5 Qf5 11. d4 Bxd5 12. Nxd5 Nxd5 13. Qxb5+ 1-0


[Site "https://www.chess.com"]

[Event "Titled Tuesday Blitz July 4 Early 2023"]
[White "Kiseleva, Arina"]
[Black "Sanhueza, Cristian"]
[WhiteFideId "4164989"]
[BlackFideId "116815"]
[WhiteElo "2193"]
[BlackElo "2473"]
[Result "1-0"]
[Round "2"]
[TimeControl "180+2"]
[Date "2023.07.04"]
[WhiteClock "0:00:05"]
[BlackClock "0:00:16"]
[Board "211"]

1. d4 Nf6 2. Nf3 g6 3. Nbd2 Bg7 4. e4 d6 5. Bd3 O-O 6. O-O c5 7. c3 cxd4 8. cxd4 Nc6 9. Re1 e5 10. d5 Nd4 11. Nxd4 exd4 12. h3 Nd7 13. f4 Nc5 14. Nf3 Re8 15. b4 Nxd3 16. Qxd3 Qb6 17. a3 f5 18. e5 dxe5 19. fxe5 Bd7 20. Bb2 Bb5 21. Qxd4 Qa6 22. d6 Rad8 23. Rac1 Bc6 24. Qc4+ Qxc4 25. Rxc4 Bxf3 26. gxf3 Rxd6 27. exd6 Rxe1+ 28. Kf2 Rd1 29. Bxg7 Kxg7 30. Rc7+ Kf6 31. d7 b5 32. Rxa7 Ke7 33. Rb7 Rd3 34. Rxb5 Kxd7 35. a4 f4 36. a5 Rd2+ 37. Ke1 Ra2 38. Rb7+ Kc6 39. Rxh7 Ra4 40. Rh6 Rxb4 41. Rxg6+ Kd5 42. a6 Ra4 43. Ke2 Kd4 44. h4 Ra2+ 45. Kd1 Ke3 46. h5 Kxf3 47. h6 Ke3 48. h7 Rh2 49. a7 f3 50. a8=Q f2 51. Qe8+ Kf3 52. Rf6+ Kg2 53. Qg8+ Kh1 54. Rxf2 Rxf2 55. h8=Q+ Rh2 56. Qxh2+ Kxh2 57. Qg4 Kh1 58. Ke2 Kh2 59. Kf2 Kh1 60. Qh4# 1-0


[Site "https://www.chess.com"]

[Event "Titled Tuesday Blitz July 4 Early 2023"]
[White "LangesNasenhaar"]
[Black "Schachpanda_Youtube"]
[WhiteElo "2473"]
[BlackElo "2183"]
[Result "1-0"]
[Round "2"]
[TimeControl "180+2"]
[Date "2023.07.04"]
[WhiteClock "0:01:50"]
[BlackClock "0:00:40"]
[Board "212"]

1. d4 d5 2. Nc3 e6 3. Bf4 Bd6 4. e3 Nf6 5. Qf3 Bxf4 6. Qxf4 O-O 7. Bd3 c5 8. dxc5 Na6 9. b4 e5 10. Qh4 e4 11. Bxa6 bxa6 12. Nge2 Rb8 13. Rb1 a5 14. b5 Qc7 15. c6 a6 16. a4 axb5 17. axb5 Bg4 18. Nd4 Qe5 19. O-O Bc8 20. Qg3 Qxg3 21. hxg3 Be6 22. b6 Ne8 23. c7 Rb7 24. Nxe6 fxe6 25. c8=Q 1-0


[Site "https://www.chess.com"]

[Event "Titled Tuesday Blitz July 4 Early 2023"]
[White "Vila Dupla, Aurelio"]
[Black "Toncheva, Nadya"]
[WhiteFideId "2203383"]
[BlackFideId "2924056"]
[WhiteElo "2177"]
[BlackElo "2473"]
[Result "0-1"]
[Round "2"]
[TimeControl "180+2"]
[Date "2023.07.04"]
[WhiteClock "0:01:11"]
[BlackClock "0:02:06"]
[Board "213"]

1. Nf3 c5 2. c4 g6 3. d4 cxd4 4. Nxd4 Bg7 5. e4 Nc6 6. Be3 Nf6 7. Nc3 O-O 8. Be2 d6 9. O-O Bd7 10. f3 Nxd4 11. Bxd4 a5 12. b3 Bc6 13. Qd2 Nd7 14. Be3 Nc5 15. Rfd1 Qb6 16. Rab1 Rfc8 17. Qc2 Qb4 18. Bd2 Qa3 19. Bc1 Qb4 20. Bd2 Qb6 21. Be3 h5 22. a3 Qc7 23. b4 axb4 24. axb4 Na4 25. Bd4 Bxd4+ 26. Rxd4 Qb6 27. c5 dxc5 28. Nxa4 Bxa4 29. Qc3 cxd4 0-1


[Site "https://www.chess.com"]

[Event "Titled Tuesday Blitz July 4 Early 2023"]
[White "Uzcategui Rodriguez, Alejandro"]
[Black "HeinichessPY"]
[WhiteFideId "3903400"]
[WhiteElo "2471"]
[BlackElo "2164"]
[Result "1-0"]
[Round "2"]
[TimeControl "180+2"]
[Date "2023.07.04"]
[WhiteClock "0:00:39"]
[BlackClock "0:00:00"]
[Board "214"]

1. e4 c5 2. Nf3 Nc6 3. d4 cxd4 4. Nxd4 g6 5. Nc3 Bg7 6. Be3 Nf6 7. Bc4 O-O 8. Bb3 e6 9. O-O Re8 10. Re1 d5 11. exd5 exd5 12. h3 Nxd4 13. Bxd4 Rxe1+ 14. Qxe1 Be6 15. Rd1 Qa5 16. Qe3 a6 17. Bxf6 Bxf6 18. Nxd5 Bxb2 19. Ne7+ Kg7 20. Bxe6 fxe6 21. Qxe6 Qe5 22. Qxe5+ Bxe5 23. Rd7 Kf6 24. Rxb7 Rd8 25. g3 Rd1+ 26. Kg2 Rd2 27. Nc6 Bd6 28. Nb4 Bc5 29. Nd3 Rxc2 30. Rc7 Rxa2 31. Nxc5 a5 32. Ra7 1-0


[Site "https://www.chess.com"]

[Event "Titled Tuesday Blitz July 4 Early 2023"]
[White "BebeBonito2022"]
[Black "UNSTOPPABLE_LEGEND"]
[WhiteElo "2161"]
[BlackElo "2470"]
[Result "0-1"]
[Round "2"]
[TimeControl "180+2"]
[Date "2023.07.04"]
[WhiteClock "0:00:00"]
[BlackClock "0:00:23"]
[Board "215"]

1. d4 Nf6 2. c4 c6 3. Nc3 d5 4. e3 e6 5. Nf3 Nbd7 6. Qc2 Bd6 7. b3 O-O 8. Bb2 Re8 9. Be2 dxc4 10. Bxc4 e5 11. Ng5 Rf8 12. O-O-O h6 13. Nge4 Bc7 14. Nxf6+ Qxf6 15. Ne4 Qe7 16. Rhe1 Nb6 17. Bd3 Nd5 18. a3 f5 19. Nc3 e4 20. Bc4 Be6 21. f3 exf3 22. gxf3 Rae8 23. Kb1 Qf7 24. e4 Nxc3+ 25. Qxc3 Bxc4 26. bxc4 fxe4 27. fxe4 Qf3 28. Rd3 Qg2 29. e5 Rf2 30. Rg3 Qxh2 31. Reg1 Re7 32. e6 Bxg3 33. Rxg3 Rxb2+ 0-1


[Site "https://www.chess.com"]

[Event "Titled Tuesday Blitz July 4 Early 2023"]
[White "Eynullayev, Atilla"]
[Black "Hartikainen, Jarmo"]
[WhiteFideId "13413570"]
[BlackFideId "503134"]
[WhiteElo "2469"]
[BlackElo "2154"]
[Result "1-0"]
[Round "2"]
[TimeControl "180+2"]
[Date "2023.07.04"]
[WhiteClock "0:00:14"]
[BlackClock "0:00:07"]
[Board "216"]

1. e4 c5 2. Nf3 Nc6 3. Bb5 e6 4. O-O Nge7 5. Re1 a6 6. Bf1 d6 7. d3 Ng6 8. g3 Be7 9. Bg2 O-O 10. c3 e5 11. Na3 b5 12. Nc2 f5 13. exf5 Bxf5 14. Ne3 Be6 15. d4 cxd4 16. cxd4 e4 17. Nd2 d5 18. Nb3 Bf6 19. Nc2 Qb6 20. Be3 Rad8 21. Nc5 Bc8 22. Rc1 Nge7 23. Qd2 Nf5 24. Bf4 Ncxd4 25. Nxd4 Nxd4 26. Qb4 Ne6 27. Nxe6 Bxe6 28. Bc7 Rc8 29. Bxb6 Rc4 30. Rxc4 bxc4 31. Qd6 Bf7 32. Bh3 Rd8 33. Bxd8 Be7 34. Qxe7 1-0


[Site "https://www.chess.com"]

[Event "Titled Tuesday Blitz July 4 Early 2023"]
[White "Fiedorek, Michal"]
[Black "Torres Dominguez, David"]
[WhiteFideId "1199528"]
[BlackFideId "2220857"]
[WhiteElo "2466"]
[BlackElo "2153"]
[Result "1-0"]
[Round "2"]
[TimeControl "180+2"]
[Date "2023.07.04"]
[WhiteClock "0:00:24"]
[BlackClock "0:00:00"]
[Board "217"]

1. Nf3 d5 2. d4 Nf6 3. Bf4 c6 4. c3 Bf5 5. Nbd2 e6 6. Qb3 Qb6 7. h3 h6 8. e3 Nbd7 9. Be2 Be7 10. O-O O-O 11. Ne5 Nxe5 12. Bxe5 Nd7 13. Bh2 c5 14. Qxb6 Nxb6 15. dxc5 Bxc5 16. c4 dxc4 17. Nxc4 Nxc4 18. Bxc4 Rac8 19. Rac1 Rfd8 20. Be5 Bb6 21. Be2 f6 22. Bc3 Be4 23. Rfd1 Bc6 24. Bc4 Kf7 25. Be2 Rxd1+ 26. Rxd1 Rd8 27. Rxd8 Bxd8 28. Kf1 Bd5 29. a3 e5 30. f3 Ke6 31. e4 Bb3 32. Ke1 Be7 33. Kd2 a6 34. g3 Bc5 35. f4 Ba4 36. Bc4+ Ke7 37. fxe5 fxe5 38. Bxe5 Bd6 39. Bxg7 Bxg3 40. Bxh6 Bd7 41. Bf1 Ke6 42. Ke3 Be5 43. h4 Bxb2 44. Bh3+ Ke7 45. Bg5+ Ke8 46. Bxd7+ Kxd7 47. a4 b5 48. axb5 axb5 49. Kd3 Ke6 50. h5 Bh8 51. Bd2 Bg7 52. Bc3 Bh6 53. Bd4 Bg5 54. Be3 Kf6 55. e5+ Kf5 56. Bxg5 Kxg5 57. e6 1-0


[Site "https://www.chess.com"]

[Event "Titled Tuesday Blitz July 4 Early 2023"]
[White "Balla, Tamas-Kristof"]
[Black "Sanchez, Robert"]
[WhiteFideId "1208497"]
[BlackFideId "2034360"]
[WhiteElo "2464"]
[BlackElo "2135"]
[Result "1-0"]
[Round "2"]
[TimeControl "180+2"]
[Date "2023.07.04"]
[WhiteClock "0:00:12"]
[BlackClock "0:00:34"]
[Board "218"]

1. e4 e6 2. d4 d5 3. Nd2 Nf6 4. e5 Nfd7 5. Bd3 c5 6. c3 Nc6 7. Ne2 cxd4 8. cxd4 f6 9. exf6 Nxf6 10. O-O Bd6 11. Nf3 Qc7 12. h3 O-O 13. Bg5 Nh5 14. Nc3 a6 15. Rc1 Nf4 16. Bb1 Bd7 17. Re1 Rf7 18. Ne5 Bxe5 19. dxe5 Qb6 20. Qd2 Raf8 21. Na4 Qa7 22. Nc5 Bc8 23. Bh4 Ng6 24. Bg3 Nce7 25. Qg5 Nf5 26. h4 Nge7 27. h5 h6 28. Qg4 Nxg3 29. Qxg3 Nf5 30. Qg6 Qb6 31. Rc3 Ne7 32. Qh7# 1-0


[Site "https://www.chess.com"]

[Event "Titled Tuesday Blitz July 4 Early 2023"]
[White "CarolinaLujan"]
[Black "Gomez Barrera, Javiera Belen"]
[BlackFideId "3418723"]
[WhiteElo "2132"]
[BlackElo "2464"]
[Result "1-0"]
[Round "2"]
[TimeControl "180+2"]
[Date "2023.07.04"]
[WhiteClock "0:02:09"]
[BlackClock "0:00:04"]
[Board "219"]

1. e4 c5 2. g3 Nc6 3. Bg2 g6 4. Ne2 Bg7 5. O-O e5 6. d3 Nge7 7. c3 O-O 8. a3 d5 9. exd5 Nxd5 10. Nd2 b6 11. b4 cxb4 12. axb4 Be6 13. b5 Nce7 14. c4 Nb4 15. Ba3 Nxd3 16. Bxa8 Qxa8 17. Bxe7 Re8 18. Ba3 Bh3 19. f3 e4 20. Nxe4 Bxa1 21. Qxa1 Ne5 22. Nf6+ Kh8 23. Nxe8 1-0


[Site "https://www.chess.com"]

[Event "Titled Tuesday Blitz July 4 Early 2023"]
[White "Flynn, Jacob"]
[Black "Wesolowska, Hanna"]
[WhiteFideId "2509393"]
[BlackFideId "1104683"]
[WhiteElo "2463"]
[BlackElo "2131"]
[Result "1-0"]
[Round "2"]
[TimeControl "180+2"]
[Date "2023.07.04"]
[WhiteClock "0:02:47"]
[BlackClock "0:02:40"]
[Board "220"]

1. c4 Nf6 2. g3 e6 3. Bg2 c5 4. Nf3 Nc6 5. O-O Be7 6. Nc3 O-O 7. d4 cxd4 8. Nxd4 Nxd4 9. Qxd4 a6 10. Qd3 Qc7 11. Bf4 d6 12. Rfd1 Rd8 13. Rac1 e5 14. Bg5 h6 15. Bxf6 Bxf6 16. Nd5 Qd7 17. Nb6 1-0


[Site "https://www.chess.com"]

[Event "Titled Tuesday Blitz July 4 Early 2023"]
[White "Baruch, Liam"]
[Black "Nunez V, Gustavo Eduardo"]
[WhiteFideId "14322064"]
[BlackFideId "4403690"]
[WhiteElo "2129"]
[BlackElo "2462"]
[Result "0-1"]
[Round "2"]
[TimeControl "180+2"]
[Date "2023.07.04"]
[WhiteClock "0:00:14"]
[BlackClock "0:01:10"]
[Board "221"]

1. e4 c5 2. Nf3 Nc6 3. d4 cxd4 4. Nxd4 e5 5. Nb5 a6 6. Nd6+ Bxd6 7. Qxd6 Qf6 8. Qd1 Qg6 9. Nc3 Nge7 10. Qf3 Nd4 11. Qd3 d5 12. Be3 dxe4 13. Nxe4 Bf5 14. f3 Rd8 15. Rd1 Nxf3+ 16. gxf3 Rxd3 17. Bxd3 Qg2 18. Rg1 Qxf3 19. Nd6+ Kf8 20. Nxf5 Nxf5 21. Bc5+ Ke8 22. Rf1 Qc6 23. Bxf5 Qxc5 24. Bd7+ Ke7 25. Rd3 Rd8 26. Rc3 Qxc3+ 27. bxc3 Rxd7 28. Ke2 g6 29. Rb1 Ke6 30. Rb6+ Kf5 31. Ke3 Rc7 32. Rb3 b5 33. Ra3 Rc6 34. c4 bxc4 35. c3 Rd6 36. Ra5 Rd3+ 37. Ke2 Rxc3 38. Rxa6 Rc2+ 39. Ke3 Rxh2 40. a4 c3 41. a5 Ra2 42. Rc6 Rxa5 43. Kd3 Rd5+ 44. Ke3 f6 45. Rc7 h5 46. Rxc3 Rd4 47. Kf3 e4+ 48. Kg2 Rd3 49. Rc2 Kg4 50. Re2 f5 51. Kh2 Rh3+ 52. Kg2 g5 53. Re1 Rg3+ 54. Kh2 h4 55. Kh1 e3 56. Re2 f4 57. Ra2 Rf3 58. Rg2+ Kf5 59. Ra2 Rf1+ 60. Kg2 Rf2+ 61. Kh3 g4+ 62. Kxh4 Rxa2 63. Kh5 Rh2# 0-1


[Site "https://www.chess.com"]